 Dungeon Crawl Stone Soup version 0.29.1-12-g30fa7ad0bf (webtiles) character file.

Game seed: 15021140944409326208

809 GeoRichter the Skirmisher (level 7, -2/51 HPs)
             Began as a Barachi Hunter on Dec 24, 2022.
             Slain by a gnoll sergeant
             ... wielding a +0 trident
              (10 damage)
             ... on level 5 of the Dungeon.
             The game lasted 00:06:59 (3428 turns).

GeoRichter the Skirmisher (Barachi Hunter)          Turns: 3428, Time: 00:07:00

Health: -2/51      AC:  5    Str: 12    XL:     7   Next: 92%
Magic:  7/7        EV: 12    Int: 16    God:
Gold:   177        SH:  0    Dex: 17    Spells: 6/6 levels left

rFire   . . .      SeeInvis .   b - +7 war axe "Riemir" {vamp, *Corrode rElec Int+6}
rCold   . . .      Faith    .   (no shield)
rNeg    . . .      Spirit   .   c - +0 leather armour
rPois   .          Reflect  .   (no helmet)
rElec   +          Harm     .   (no cloak)
rCorr   .          Rampage  .   t - +0 pair of gloves
Will    .....                   z - +0 pair of boots
Stlth   +++.......              e - amulet of regeneration
HPRegen 0.97/turn               (no ring)
MPRegen 0.10/turn               (no ring)

@: slow
A: amphibious, slowness 1, strong legs 1, +LOS
a: Hop


You were on level 5 of the Dungeon.
You visited 1 branch of the dungeon, and saw 5 of its levels.

You collected 177 gold pieces.

Inventory:

Hand Weapons
 a - a +0 shortbow
 b - the +7 war axe "Riemir" (weapon) {vamp, *Corrode rElec Int+6}
   (You found it on level 4 of the Dungeon)

   It occasionally heals its wielder for a portion of the damage dealt when it
   wounds a living foe.
   Int:       It affects your intelligence (+6).
   rElec:     It insulates you from electricity.
   *Corrode:  It may corrode you when you take damage.
 q - a +0 rapier
   (You found it on level 3 of the Dungeon)
Armour
 c - a +0 leather armour (worn)
 t - a +0 pair of gloves (worn)
   (You found it on level 3 of the Dungeon)
 z - a +0 pair of boots (worn)
   (You found it on level 4 of the Dungeon)
Jewellery
 e - an amulet of regeneration (around neck)
   (You found it on level 1 of the Dungeon)
 n - a ring of ice
   (You found it on level 3 of the Dungeon)
Wands
 v - a wand of roots (11)
   (You found it on level 4 of the Dungeon)
Scrolls
 f - 5 scrolls of blinking {unknown}
 g - 3 scrolls of identify {unknown}
 j - a scroll of fear {unknown}
 l - a scroll of vulnerability {unknown}
 m - a scroll of poison {unknown}
 o - a scroll of magic mapping {unknown}
 y - a scroll of immolation {!r}
 A - a scroll of brand weapon {unknown}
Potions
 d - 3 potions of heal wounds {unknown}
 h - a potion of invisibility {unknown}
 i - 3 potions of curing {@q1}
 k - 2 potions of berserk rage {unknown}
 p - a potion of haste {unknown}
 r - a potion of mutation {unknown}
 s - a potion of magic {unknown}
 u - a potion of flight {unknown}
 w - a potion of degeneration {unknown}
 x - a potion of ambrosia {unknown}


   Skills:
 - Level 2.4 Fighting
 * Level 8.1 Ranged Weapons
 - Level 2.1 Dodging
 + Level 4.9 Stealth


You had 6 spell levels left.
You didn't know any spells.
Your spell library contained the following spells:

 Spells                   Type           Power      Damage    Failure   Level
 Apportation              Tloc           0%         N/A       32%         1
 Foxfire                  Conj/Fire      0%         2x1d4     32%         1
 Ensorcelled Hibernation  Hex/Ice        0%         N/A       43%         2
 Passwall                 Tmut/Erth      0%         N/A       43%         2
 Confusing Touch          Hex            0%         N/A       67%         3
 Ignite Poison            Fire/Tmut/Pois 0%         N/A       67%         3
 Mephitic Cloud           Conj/Pois/Air  0%         N/A       67%         3
 Swiftness                Air            0%         N/A       67%         3
 Sticky Flame             Conj/Fire      0%         2d3       97%         4
 Alistair's Intoxication  Tmut/Pois      0%         N/A       100%        5
 Freezing Cloud           Conj/Ice/Air   0%         6-21      100%        5
 Yara's Violent Unravell  Hex/Tmut       0%         3d3       100%        5
 Enfeeble                 Hex            0%         N/A       100%        7
 Fire Storm               Conj/Fire      0%         5d1       100%        9


Dungeon Overview and Level Annotations

Branches:
Dungeon (5/15) Zot: 25948
 Temple: D:4-7

Altars:
Kikubaaqudgha

Shops:
D:4 *


Innate Abilities, Weirdness & Mutations

You are amphibious.
You cover ground slowly.
You can hop short distances.
You have an extended range of vision and can be seen from far away.


Message History

Something tries to affect you, but you resist.
The gnoll sergeant closely misses you.
The orc throws a boomerang.
The boomerang barely misses you.
You hit the gnoll sergeant.
You feel better.
You hear some strange, mumbled words.
Something tries to affect you, but you resist.
A gnoll comes into view. It is wielding a +0 flail.
The gnoll sergeant completely misses you.
The gnoll sergeant closely misses you.
The orc throws a boomerang.
The boomerang hits you but does no damage.
You closely miss something. You closely miss the gnoll sergeant.
Something hits you but does no damage.
A gnoll comes into view. It is wielding a +0 spear.
The gnoll sergeant closely misses you.
You barely miss something.
The gnoll shouts!
You hit the gnoll sergeant.
You hear a shout!
Something hits you but does no damage.
The orc throws a boomerang.
The gnoll hits you from afar with a +0 spear.
The gnoll sergeant hits you with a +0 trident.
Something hits you.
The gnoll sergeant hits you with a +0 trident.
The orc throws a boomerang.
The gnoll hits you but does no damage.
You slash the gnoll sergeant!
You feel better.
You slash something!
Reactivating autopickup.
You feel a bit more experienced. The gnoll sergeant closely misses you.
The gnoll hits you from afar with a +0 spear.
You hit the gnoll sergeant but do no damage.
You slash the orc!
You kill the orc!
The gnoll sergeant hits you with a +0 trident!
The gnoll hits you from afar with a +0 spear.
The gnoll sergeant hits you with a +0 trident.
* * * LOW HITPOINT WARNING * * *
A gnoll comes into view. It is wielding a +0 spear.
The orc closely misses you. The gnoll completely misses you.
You barely miss the gnoll sergeant. The orc barely misses you.
The gnoll hits you from afar with a +0 spear.
* * * LOW HITPOINT WARNING * * *
The gnoll sergeant completely misses you.
You barely miss the gnoll sergeant.
The gnoll sergeant hits you with a +0 trident!
* * * LOW HITPOINT WARNING * * *
The orc barely misses you. The gnoll closely misses you.
The gnoll hits you from afar with a +0 spear.
* * * LOW HITPOINT WARNING * * *
The gnoll sergeant hits you with a +0 trident!
You die...

#.#...#
####.####.....#
.)........##..###
####.###..........
#####.###..##..###.
...............#
..#........##.....
#.#####..# ####


#woo)@ggg# ......#####g.# .... #..# ## #..# #..# #..# #..# ...# .## You could
see a gnoll sergeant, a worm, 3 gnolls and 2 orcs.

Vanquished Creatures
  A sky beast (D:5)
  2 ogres
  A scorpion (D:5)
  2 vampire bats (D:3)
  2 jellies (D:4)
  A hound (D:4)
  3 orc priests
  Jessica (D:3)
  An iguana (D:4)
  An orc wizard (D:5)
  4 gnolls (D:5)
  3 adders
  A worm (D:2)
  7 dart slugs
  7 orcs
  2 bat skeletons (D:3)
  3 bat zombies (D:3)
  2 endoplasms (D:1)
  2 giant cockroaches
  5 goblins
  8 hobgoblins
  2 jackals (D:2)
  3 quokkas
  5 ball pythons
  3 bats
  2 frilled lizards
  4 kobolds
  6 rats
84 creatures vanquished.

Vanquished Creatures (others)
  A fungus (D:2)
1 creature vanquished.

Grand Total: 85 creatures vanquished

Notes
Turn   | Place    | Note
-------+----------+-------------------------------------------
     0 | D:1      | GeoRichter the Barachi Hunter began the quest for the Orb.
     0 | D:1      | Reached XP level 1. HP: 17/17 MP: 1/1
    17 | D:1      | Reached skill level 1 in Stealth
   162 | D:1      | Reached XP level 2. HP: 18/23 MP: 2/2
   774 | D:2      | Reached XP level 3. HP: 28/28 MP: 3/3
   784 | D:2      | Found a faded altar of an unknown god.
  1504 | D:3      | Noticed Jessica
  1506 | D:3      | Killed Jessica
  1507 | D:3      | Reached skill level 5 in Ranged Weapons
  1507 | D:3      | Reached XP level 4. HP: 34/34 MP: 4/4
  1721 | D:3      | Found an ancient bone altar of Kikubaaqudgha.
  1734 | D:3      | Reached XP level 5. HP: 37/39 MP: 5/5
  1932 | D:3      | Reached skill level 6 in Ranged Weapons
  2096 | D:4      | Noticed an ogre
  2101 | D:4      | Killed an ogre
  2102 | D:4      | Reached XP level 6. HP: 46/46 MP: 6/6
  2680 | D:4      | Got the Teachings on the Lithosphere and Kindling
  2822 | D:4      | Found Tikacai's General Store.
  2886 | D:4      | Identified the +7 war axe "Riemir" {vamp, *Corrode rElec
                  | Int+6}
  2917 | D:4      | Reached skill level 7 in Ranged Weapons
  2921 | D:4      | Reached XP level 7. HP: 34/51 MP: 7/7
  3175 | D:5      | Entered Level 5 of the Dungeon
  3340 | D:5      | Reached skill level 8 in Ranged Weapons
  3428 | D:5      | Slain by a gnoll sergeant

Illustrated notes

Levels and vault maps discovered:
D:1:      lemuel_arrival_hallway, layout_basic
D:2:      layout_basic, shapermc_ecumenical_altar_acropolis
D:3:      layout_loops_ring, kennysheep_vampire_church, minmay_distorted,
          uniq_jessica
D:4:      layout_gridville, serial_shops, kennysheep_little_box
D:5:      layout_loops_ring, chequers_serial_rivers_marsh,
          minmay_manual_macuahuitl

Skill      XL: |  1  2  3  4  5  6  7 |
---------------+----------------------+-----
Stealth        | 1 2 3 4 |  4.9
Ranged Weapons | 5 6 7 8 |  8.1
Fighting       | |  2.4
Dodging        | |  2.1

Action                   |  1- 3 |  4- 6 |  7- 9 || total
-------------------------+-------+-------+-------++-------
Melee: War axe           |       |     6 |    21 ||    27
 Fire: Shortbow          |    89 |   149 |    50 ||   288
 Abil: Hop               |       |     1 |       ||     1
  Use: Scroll            |       |     1 |     1 ||     2
       Potion            |       |     1 |       ||     1
Armor: Leather armour    |     9 |    56 |    20 ||    85
Dodge: Dodged            |    13 |   110 |    25 ||   148
